 Dungeon Crawl Stone Soup version 0.27-a0-1378-gdefffd1ff6 (webtiles) character file.

Game seed: 3442984840189839734

348578 robertstho the Axe Maniac (level 21, -3/215 HPs)
             Began as a Minotaur Berserker on June 28, 2021.
             Was the Champion of Trog.
             Slain by a phantasmal warrior (28 damage)
             ... on level 5 of the Vaults on June 29, 2021.
             The game lasted 01:13:03 (46744 turns).

robertstho the Axe Maniac (Minotaur Berserker)     Turns: 46744, Time: 01:13:03

Health: -3/215     AC: 36    Str: 25    XL:     21   Next: 23%
Magic:  20/20      EV: 10    Int:  2    God:    Trog [******]
Gold:   2080       SH:  5    Dex: 19    Spells: 20/20 levels left

rFire    + + +     SeeInvis +   y - +8 frozen axe "Frostbite" {freezing cloud, *Noise Fly rC+}
rCold    + + +     Faith    .   (shield currently unavailable)
rNeg     . . .     Spirit   .   d - +3 gold dragon scales
rPois    +         Reflect  +   n - +2 hat
rElec    +         Harm     .   N - +0 cloak of the Dungeon {rC++ Will- Dex+5}
rCorr    .         Rampage  .   B - +1 pair of gloves of Yesterday {rElec rF+ Dex-3}
Will     +....                  s - +0 pair of boots
Stlth    ..........             a - amulet of reflection
HPRegen  1.45/turn              v - ring "Goocvu" {rF+ Int-3 SInv Stlth+}
MPRegen  0.17/turn              V - ring of Yredelemnul's Respect {+Blink rF+ Str-5 Dex+6}

@: weak-willed, strong-willed, on berserk cooldown, flying, regenerating,
slowed, very slow
A: horns 2, retaliatory headbutt
}: 2/15 runes: silver, gossamer
a: Renounce Religion, Evoke Blink, Berserk, Trog's Hand, Brothers in Arms


You were on level 5 of the Vaults.
You worshipped Trog.
Trog was exalted by your worship.
You visited 5 branches of the dungeon, and saw 32 of its levels.
You visited 2 bazaars.
You also visited: Bailey, Gauntlet and Desolation.

You collected 4432 gold pieces.
You spent 2352 gold pieces at shops.

Inventory:

Hand Weapons
 b - the +9 broad axe of Omuxkuec {vorpal, rPois Will+}
   (Trog gifted it to you on level 2 of the Spider Nest)

   It inflicts extra damage upon your enemies.
   rPois:     It protects you from poison.
   Will:      It increases your willpower.
 r - the +8 hand axe "Imp's Funeral" {freeze, rElec Int+4}
   (You took it off a tengu warrior on level 15 of the Dungeon)

   It has been specially enchanted to freeze those struck by it, causing extra
   injury to most foes and up to half again as much damage against particularly
   susceptible opponents.
   It can also slow down cold-blooded creatures.
   Int:       It affects your intelligence (+4).
   rElec:     It insulates you from electricity.
 w - the +8 battleaxe "Bigaywk" {vorpal, rN+++ Int-4 Dex+6}
   (Trog gifted it to you on level 4 of the Spider Nest)

   It inflicts extra damage upon your enemies.
   Int:       It affects your intelligence (-4).
   Dex:       It affects your dexterity (+6).
   rN:        It renders you almost immune to negative energy.
 y - the +8 frozen axe "Frostbite" (weapon) {freezing cloud, *Noise Fly rC+}
   (You bought it in a shop on level 7 of the Dungeon)

   It has been specially enchanted to freeze those struck by it, causing extra
   injury to most foes and up to half again as much damage against particularly
   susceptible opponents.
   It can also slow down cold-blooded creatures.
   rC:        It protects you from cold.
   Fly:       It grants you flight.
   *Noise:    It may make noises in combat.
 z - the +8 lance "Wyrmbane" {slay drac, rPois rF+ rC+ AC+3}
   (You found it in the Desolation of Salt)

   AC:        It affects your AC (+3).
   rF:        It protects you from fire.
   rC:        It protects you from cold.
   rPois:     It protects you from poison.
 J - the +6 hand axe "Luefae" {drain, Fragile rElec rN+++ Stlth+}
   (You found it on level 1 of the Lair of Beasts)

   A truly terrible weapon, it drains the life of those it strikes.
   rElec:     It insulates you from electricity.
   rN:        It renders you almost immune to negative energy.
   Fragile:   It will be destroyed if unequipped.
   Stlth:     It makes you more stealthy.
Missiles
 P - 4 atropa-tipped darts
Armour
 d - +3 gold dragon scales (worn)
 g - a +2 cloak of poison resistance
 n - a +2 hat (worn)
 o - a scarf of resistance
 s - a +0 pair of boots (worn)
 B - the +1 pair of gloves of Yesterday (worn) {rElec rF+ Dex-3}
   (You found it on level 6 of the Dungeon)

   Dex:       It affects your dexterity (-3).
   rF:        It protects you from fire.
   rElec:     It insulates you from electricity.
 N - the +0 cloak of the Dungeon (worn) {rC++ Will- Dex+5}
   (You acquired it on level 1 of the Vaults)

   Dex:       It affects your dexterity (+5).
   rC:        It greatly protects you from cold.
   Will:      It decreases your willpower.
 Y - the +3 pair of gauntlets of War {Slay+5}
   (You found it in the Desolation of Salt)

   Slay:      It affects your accuracy & damage with ranged weapons and melee
   (+5).
Jewellery
 a - an amulet of reflection (around neck)
 h - the ring of Rapnex {Str+5 Slay+4}
   (You found it in a Gauntlet)

   [ring of slaying]

   Str:       It affects your strength (+5).
   Slay:      It affects your accuracy & damage with ranged weapons and melee
   (+4).
 u - a +6 ring of dexterity
 v - the ring "Goocvu" (left hand) {rF+ Int-3 SInv Stlth+}
   (You found it on level 13 of the Dungeon)

   [ring of see invisible]

   Int:       It affects your intelligence (-3).
   rF:        It protects you from fire.
   SInv:      It lets you see invisible.
   Stlth:     It makes you more stealthy.
 A - a ring of willpower
 G - the amulet of the Garden {RegenMP rPois Regen+ rCorr Int-4}
   (You found it on level 13 of the Dungeon)

   [amulet of magic regeneration]

   It increases your rate of magic regeneration.Int: It affects your
   intelligence (-4).
   rPois:     It protects you from poison.
   Regen:     It increases your rate of health regeneration.
   rCorr:     It protects you from acid and corrosion.
 L - the amulet "Uzuvy" {Acrobat Fly Str+4 Slay+3}
   (You found it in the Desolation of Salt)

   [amulet of the acrobat]

   It increases your evasion while moving and waiting.Str: It affects your
   strength (+4).
   Slay:      It affects your accuracy & damage with ranged weapons and melee
   (+3).
   Fly:       It grants you flight.
 V - the ring of Yredelemnul's Respect (right hand) {+Blink rF+ Str-5 Dex+6}
   (You found it on level 10 of the Dungeon)

   [ring of protection from fire]

   Str:       It affects your strength (-5).
   Dex:       It affects your dexterity (+6).
   rF:        It protects you from fire.
   +Blink:    It lets you blink.
 W - the amulet "Fafejaul" {Regen+ Str+4}
   (You found it in the Desolation of Salt)

   [amulet of regeneration]

   Str:       It affects your strength (+4).
   Regen:     It increases your rate of health regeneration.
 Z - a +4 ring of slaying
Wands
 c - a wand of acid (1)
 p - a wand of digging (11)
 Q - a wand of mindburst (35)
 U - a wand of iceblast (40)
Scrolls
 f - 2 scrolls of silence
 i - 3 scrolls of identify
 j - 11 scrolls of teleportation
 k - 4 scrolls of immolation
 l - 2 scrolls of magic mapping
 D - 3 scrolls of holy word
 M - a scroll of enchant weapon
 O - 3 scrolls of fear
 R - 5 scrolls of fog
Potions
 e - 3 potions of invisibility
 m - 12 potions of heal wounds
 q - 4 potions of attraction
 x - 26 potions of curing
 F - 2 potions of resistance
 I - 8 potions of might
 K - 13 potions of ambrosia
 T - 9 potions of mutation
 X - 4 potions of haste
Miscellaneous
 H - a box of beasts
 S - a condenser vane


   Skills:
 * Level 24.7 Fighting
 O Level 27 Axes
 * Level 23.0 Armour
 + Level 5.5 Dodging
 + Level 7.5 Shields
 + Level 0.2 Evocations


You had 20 spell levels left.
You didn't know any spells.
Your spell library was empty.

Dungeon Overview and Level Annotations

Branches:
Dungeon (15/15)            Temple (0/1) D:4            Lair (6/6) D:10
 Shoals (0/4) Lair:3       Spider (4/4) Lair:4        Slime (0/5) Lair:6
    Orc (2/2) D:9             Elf (0/3) Orc:2        Vaults (5/5) D:14
  Crypt (0/3) Vaults:3     Depths (0/5) D:15         Bailey (visited)
Desolation (visited)      Gauntlet (visited)

Altars:
Elyvilon
Kikubaaqudgha
Ru
Vehumet
Yredelemnul
Beogh
Jiyva

Shops:
D:3 [   D:4 :   D:7 (   Orc:2 ?***   Vaults:1 !

Annotations:
D:7 988 frostbite
Vaults:3 1 transporter
Vaults:4 2 transporters


Innate Abilities, Weirdness & Mutations

You have a pair of horns on your head.
You reflexively headbutt those who attack you in melee.


Message History

* * * LOW HITPOINT WARNING * * *
The tengu reaver hits you but does no damage.
The tengu reaver pecks you but does no damage.
The tengu reaver claws you but does no damage.
The phantasmal warrior is engulfed in freezing vapours.
The phantasmal warrior hits you!
* * * LOW HITPOINT WARNING * * *
You feel much better.
The ironbound preserver gestures wildly while chanting.
The ironbound preserver is healed somewhat.
The tengu reaver closely misses you. You furiously retaliate!
You headbutt the tengu reaver!
The tengu reaver pecks you but does no damage.
You block the tengu reaver's attack.
The phantasmal warrior is engulfed in freezing vapours.
You block the phantasmal warrior's attack.
The ironbound preserver mumbles some strange words.
The ironbound preserver is healed somewhat.
The tengu reaver hits you but does no damage.
The tengu reaver pecks you.
* * * LOW HITPOINT WARNING * * *
The tengu reaver claws you but does no damage.
Okay, then.
You feel much better.
The phantasmal warrior is engulfed in freezing vapours.
The phantasmal warrior hits you!!!
* * * LOW HITPOINT WARNING * * *
Your willpower is stripped away!
The ironbound preserver casts a spell.
The ironbound preserver begins to accept its allies' injuries.
The tengu reaver barely misses you. You block the tengu reaver's attack.
The tengu reaver barely misses you.
The phantasmal warrior is engulfed in freezing vapours.
The phantasmal warrior barely misses you.
As you read the scroll of fear, it crumbles to dust.
You assume a fearsome visage.
The yaktaur captain looks frightened!
The ironbound preserver looks frightened!
The phantasmal warrior is unaffected.
The tengu reaver looks frightened!
The phantasmal warrior hits you!!
You die...

#########
#pW.c....
#@# #)#
#Q# #(#
#.# #.#
#)# #.#
#.#.#


You could see an ironbound preserver (strong, fleeing), a tengu reaver
(sheltered, fleeing), a yaktaur captain (sheltered, fleeing) and a phantasmal
warrior (strong, sheltered).

Vanquished Creatures
  2 golden dragons (Vaults:5)
  Nikola (D:13)
  Jorgrun (D:12)
  A tentacled monstrosity (Vaults:5)
  A lich (Vaults:5)
  3 titans (Vaults:5)
  Kirke (Spider:3)
  3 tengu reavers
  2 sphinxes
  2 shadow dragons (Vaults:5)
  2 storm dragons (Vaults:5)
  2 frost giants
  6 emperor scorpions (Spider:4)
  5 fire giants
  13 vault wardens
  An orc warlord (Vaults:3)
  4 ghost moths
  An iron dragon (Vaults:5)
  21 ironbound preservers
  4 war gargoyles
  7 very ugly things
  8 stone giants
  4 entropy weavers
  2 deep elf annihilators
  2 statues (D:13)
  A spark wasp (Spider:2)
  A halazid warlock (Desolation)
  2 dire elephants (Vaults:3)
  7 ettins
  4 crystal guardians (Desolation)
  Josephine (D:12)
  A deep elf death mage (Vaults:2)
  A fire dragon (Lair:6)
  6 ragged hierophants (Desolation)
  3 servants of whispers (Desolation)
  3 great orbs of eyes
  7 yaktaur captains
  Fannar (Lair:2)
  34 vault guards
  A deep elf high priest (Vaults:5)
  7 ironbound thunderhulks
  12 peacekeepers
  6 ironbound frosthearts
  3 ogre magi
  The ghost of ew1980 the Cleaver, a journeyman HuMo of Okawaru (D:9)
  3 boulder beetles
  A salamander tyrant (D:13)
  Erolcha (D:9)
  3 catoblepae (Lair:6)
  Erica (Lair:1)
  2 death knights (Vaults:3)
  10 hydras
  11 centaur warriors
  The ghost of bronco the Ogre Mage, a novice OgIE of Ashenzari (D:9)
  The ghost of TODO the Spear-Bearer, a journeyman OpTm of Gozag (D:9)
  11 death yaks
  11 two-headed ogres
  The ghost of lotusamurai2 the Thaumaturge, a novice DjFE of Makhleb (D:9)
  4 tengu warriors (D:15)
  The ghost of mojowtm the Zephyrmancer, a journeyman TeMo of Nemelex Xobeh (D:9)
  11 orc high priests
  2 ironbound beastmasters
  Urug (Lair:6)
  A shadow wraith (Vaults:4)
  A swamp dragon (Lair:6)
  35 deep trolls
  An obsidian statue (Vaults:2)
  An orange crystal statue (Vaults:2)
  22 ironbound convokers
  10 wizards
  7 lindwurms
  6 deep elf pyromancers
  17 orb spiders
  4 phantasmal warriors
  9 orc knights
  A deep elf zephyrmancer (D:13)
  27 wolf spiders
  A necromancer (D:15)
  An oklob plant (D:10)
  2 orc sorcerers
  8 manticores
  12 ugly things
  2 cyclopes (D:14)
  12 elephants
  Maurice (D:11)
  2 moths of wrath (Spider:1)
  7 black mambas
  15 vault sentinels
  2 unseen horrors
  3 gargoyles
  6 torpor snails
  2 centaur skeletons (D:15)
  Maggie (D:7)
  12 cane toads
  15 komodo dragons
  9 rime drakes
  22 yaktaurs
  10 demonic crawlers
  6 tengu conjurers (D:13)
  A freezing wraith (Vaults:5)
  A queen bee (D:13)
  3 meliai (D:13)
  A polar bear (Lair:6)
  4 trolls
  4 hornets
  26 jumping spiders
  A raiju (shapeshifter) (D:14)
  47 saltlings (Desolation)
  21 slime creatures
  9 blink frogs
  A snapping turtle (Lair:3)
  11 dream sheep (Lair:6)
  59 redbacks
  A vampire (D:14)
  4 wraiths
  5 water elementals (D:15)
  34 yaks
  6 shadows
  6 spriggans (Lair:1)
  27 tarantellas
  14 wyverns
  3 hogs (Spider:3)
  14 basilisks
  4 steam dragons (Lair:6)
  A human (Spider:3)
  5 vampire mosquitoes
  Menkaure (D:6)
  A harpy simulacrum (D:15)
  An acid dragon (D:14)
  10 wargs
  15 water moccasins
  A hell hound (D:14)
  Duvessa (D:7)
  23 orc warriors
  2 hornet zombies
  A swamp drake (Lair:6)
  4 necrophages
  A black bear (Lair:1)
  9 wolves
  7 ogres
  A boggart (Vaults:1)
  6 centaurs
  A phantom (D:5)
  3 kobold brigands
  Blork the orc (D:4)
  A gnoll sergeant (D:10)
  15 bullfrogs
  3 wyvern zombies
  A scorpion (D:5)
  2 water moccasin zombies (D:7)
  Dowan (D:7)
  A hornet simulacrum (D:15)
  16 killer bees (D:13)
  4 wights
  11 electric eels
  2 howler monkeys
  5 centaur zombies
  3 jellies
  A gnoll shaman (Orc:1)
  Crazy Yiuf (D:5)
  38 orc priests
  A bullfrog skeleton (D:6)
  Jessica (D:3)
  5 hell rats (D:14)
  6 iguanas (Lair:6)
  14 orc wizards
  A scorpion zombie (D:5)
  4 killer bee zombies
  4 mummies (D:7)
  Robin (D:4)
  2 howler monkey zombies
  26 gnolls
  4 adders
  A shadow imp (D:7)
  A white imp (D:7)
  An ufetubus (D:4)
  A worm (D:2)
  2 dart slugs
  94 orcs
  14 endoplasms
  3 giant cockroaches
  24 hobgoblins
  4 jackals (D:1)
  4 quokkas
  6 ball pythons
  8 bats
  3 frilled lizards
  18 goblins
  25 kobolds
  5 rats
1360 creatures vanquished.

Vanquished Creatures (collateral kills)
  Mara (Spider:4)
  A tentacled monstrosity (Vaults:5)
  A titan (Vaults:5)
  Agnes (Spider:1)
  2 emperor scorpions (Spider:4)
  A minotaur (Gauntlet)
  A yaktaur captain (Vaults:5)
  An ogre mage (Vaults:5)
  2 two-headed ogres (Vaults:5)
  2 death yaks (Lair:6)
  2 wolf spiders
  A vault sentinel (Vaults:5)
  A black mamba (Lair:6)
  A cane toad (Lair:6)
  A komodo dragon (Lair:4)
  A rime drake (Lair:6)
  3 demonic crawlers
  4 jumping spiders
  4 dream sheep (Lair:6)
  10 redbacks (Spider:1)
  3 yaks (Lair:4)
  A tarantella (Spider:1)
45 creatures vanquished.

Vanquished Creatures (others)
  A tarantella (Spider:4)
  3 humans (Spider:3)
  34 fungi
  59 plants
  14 toadstools (D:1)
  3 withered plants (D:7)
114 creatures vanquished.

Grand Total: 1519 creatures vanquished

Notes
Turn   | Place    | Note
-------+----------+-------------------------------------------
     0 | D:1      | robertstho the Minotaur Berserker began the quest for the
                  | Orb.
     0 | D:1      | Reached XP level 1. HP: 19/19 MP: 0/0
   326 | D:1      | Reached skill level 4 in Axes
   328 | D:1      | Reached XP level 2. HP: 27/27 MP: 1/1
   796 | D:1      | Found a faded altar of an unknown god.
   990 | D:1      | Reached XP level 3. HP: 31/34 MP: 2/2
  1494 | D:2      | Reached ** piety under Trog
  2066 | D:2      | Reached XP level 4. HP: 41/41 MP: 3/3
  2862 | D:3      | Reached skill level 5 in Axes
  3422 | D:3      | Found Cade's Antique Armour Emporium.
  3430 | D:3      | Bought an embroidered hat for 140 gold pieces
  3437 | D:3      | Noticed Jessica
  3442 | D:3      | Killed Jessica
  3560 | D:4      | Noticed Robin
  3566 | D:4      | Reached skill level 5 in Fighting
  3568 | D:4      | Reached XP level 5. HP: 35/48 MP: 4/4
  3579 | D:4      | Killed Robin
  4051 | D:4      | Found a staircase to the Ecumenical Temple.
  4307 | D:4      | Noticed Blork the orc
  4316 | D:4      | Killed Blork the orc
  4317 | D:4      | Reached skill level 6 in Axes
  4419 | D:4      | Found Vicish's Book Shop.
  5078 | D:5      | Entered Level 5 of the Dungeon
  5121 | D:5      | Reached XP level 6. HP: 47/56 MP: 5/5
  5247 | D:5      | Reached skill level 7 in Axes
  5911 | D:5      | Reached XP level 7. HP: 61/61 MP: 6/6
  5914 | D:5      | Reached *** piety under Trog
  6045 | D:5      | Reached skill level 8 in Axes
  6233 | D:5      | Found a runed translucent door.
  6234 | D:5      | Noticed Crazy Yiuf
  6370 | D:5      | Killed Crazy Yiuf
  6465 | D:6      | Reached skill level 9 in Axes
  6871 | D:6      | Reached XP level 8. HP: 42/70 MP: 7/7
  7242 | D:6      | Identified the +1 pair of gloves of Yesterday {rElec rF+
                  | Dex-3}
  7256 | D:6      | Noticed Menkaure
  7263 | D:6      | Killed Menkaure
  7264 | D:6      | Reached skill level 10 in Axes
  7491 | D:7      | Noticed Maggie
  7503 | D:7      | Killed Maggie
  7504 | D:7      | Reached skill level 5 in Armour
  7781 | D:7      | Reached skill level 11 in Axes
  7846 | D:7      | Reached XP level 9. HP: 80/80 MP: 8/8
  8081 | D:7      | Noticed Dowan
  8081 | D:7      | Noticed Duvessa
  8087 | D:7      | Killed Duvessa
  8094 | D:7      | Killed Dowan
  8099 | D:7      | Found Zicsethi's Weapon Emporium.
  9106 | D:8      | Reached skill level 12 in Axes
  9186 | D:8      | Reached **** piety under Trog
  9550 | D:8      | Reached skill level 13 in Axes
  9731 | D:8      | Reached XP level 10. HP: 89/90 MP: 9/9
  9931 | D:8      | Noticed a two-headed ogre
  9937 | D:8      | Killed a two-headed ogre
 10267 | D:8      | Found a basalt altar of Yredelemnul.
 10361 | D:9      | Reached skill level 1 in Shields
 10373 | D:9      | Reached ***** piety under Trog
 10393 | D:9      | Reached skill level 14 in Axes
 10466 | D:9      | Identified the amulet of the Devil's Advocate {RegenMP
                  | Fragile +Inv rN+}
 10481 | D:9      | Found a staircase to the Orcish Mines.
 10482 | D:9      | Noticed a two-headed ogre
 10496 | D:9      | Killed a two-headed ogre
 10497 | D:9      | Reached skill level 10 in Fighting
 10625 | D:9      | Found a runed translucent gate.
 10625 | D:9      | Found a runed translucent gate.
 10625 | D:9      | Found a runed translucent gate.
 10625 | D:9      | Noticed bronco's ghost (novice OgIE)
 10626 | D:9      | Noticed lotusamurai2's ghost (novice DjFE)
 10627 | D:9      | Noticed TODO's ghost (journeyman OpTm)
 10651 | D:9      | Noticed ew1980's ghost (journeyman HuMo)
 10720 | D:9      | Noticed Erolcha
 10727 | D:9      | Killed Erolcha
 10816 | D:9      | Noticed a lindwurm
 10919 | D:9      | Noticed a two-headed ogre
 10929 | D:9      | Killed a two-headed ogre
 10929 | D:9      | Identified the +7 broad axe "Siode" {vorpal, Drain rPois
                  | Dex+6} (Trog gifted it to you on level 9 of the Dungeon)
 10929 | D:9      | Received a gift from Trog
 10930 | D:9      | Reached XP level 11. HP: 62/101 MP: 10/10
 11371 | D:9      | Noticed a lindwurm
 11371 | D:9      | Noticed a lindwurm
 11377 | D:9      | Noticed a lindwurm
 11385 | D:9      | Killed a lindwurm
 11386 | D:9      | Reached skill level 15 in Axes
 11386 | D:9      | Killed a lindwurm
 11387 | D:9      | Killed a lindwurm
 11391 | D:9      | Killed a lindwurm
 11702 | D:10     | Entered Level 10 of the Dungeon
 11813 | D:10     | Noticed an oklob plant
 11817 | D:10     | Found a staircase to the Lair.
 12415 | D:10     | Noticed a two-headed ogre
 12421 | D:10     | Killed a two-headed ogre
 12789 | D:10     | Killed an oklob plant
 12793 | D:10     | Identified the ring of Yredelemnul's Respect {+Blink rF+
                  | Str-5 Dex+6}
 13094 | D:11     | Reached skill level 16 in Axes
 13278 | D:11     | Noticed Maurice
 13285 | D:11     | Killed Maurice
 13459 | D:11     | Noticed a two-headed ogre
 13468 | D:11     | Killed a two-headed ogre
 13553 | D:11     | Noticed a two-headed ogre
 13559 | D:11     | Killed a two-headed ogre
 13764 | D:11     | Noticed a two-headed ogre
 13769 | D:11     | Killed a two-headed ogre
 13883 | D:11     | Reached XP level 12. HP: 106/110 MP: 11/11
 14306 | D:12     | Found a sacrificial altar of Ru.
 14416 | D:12     | Noticed Jorgrun
 14427 | D:12     | Killed Jorgrun
 14428 | D:12     | Reached skill level 17 in Axes
 14428 | D:12     | Reached skill level 10 in Armour
 14431 | D:12     | Found a flagged portal.
 14451 | Bailey   | Entered a bailey
 14460 | Bailey   | Received a gift from Trog
 14803 | D:12     | Noticed Josephine
 14811 | D:12     | Killed Josephine
 15323 | D:12     | Identified the +0 ring mail "Qaefoc" {Contam rN+ Str+4}
 15389 | Lair:1   | Entered Level 1 of the Lair of Beasts
 15406 | Lair:1   | Identified 2 scrolls of acquirement
 15406 | Lair:1   | Acquired a +2 executioner's axe of flaming
 15515 | Lair:1   | Noticed a seven-headed hydra
 15523 | Lair:1   | Killed a four-headed hydra
 15534 | Lair:1   | Acquired a manual of Armour
 15570 | Lair:1   | Found a gate leading to a gauntlet.
 15578 | Gauntlet | Entered a Gauntlet
 15578 | Gauntlet | Found a transporter.
 15578 | Gauntlet | Found a transporter.
 15755 | Gauntlet | Found a transporter.
 15755 | Gauntlet | Found a transporter.
 15759 | Gauntlet | Found a transporter.
 15759 | Gauntlet | Found a transporter.
 15781 | Gauntlet | Found a runed translucent door.
 15781 | Gauntlet | Found a runed translucent door.
 15785 | Gauntlet | Found a transporter.
 15789 | Gauntlet | Found a transporter.
 15792 | Gauntlet | Noticed a reaper
 15797 | Gauntlet | Found a transporter.
 15814 | Gauntlet | Found a transporter.
 15815 | Gauntlet | Noticed a quicksilver ooze
 15832 | Gauntlet | Found a transporter.
 15833 | Gauntlet | Found a transporter.
 15899 | Gauntlet | Identified the ring of Rapnex {Str+5 Slay+4}
 16178 | Gauntlet | Noticed a minotaur
 16184 | Gauntlet | Killed a minotaur
 16437 | Lair:1   | Noticed Erica
 16444 | Lair:1   | Killed Erica
 16511 | Lair:1   | Reached skill level 18 in Axes
 16550 | Lair:1   | Identified the +6 hand axe "Luefae" {drain, Fragile rElec
                  | rN+++ Stlth+}
 17323 | Lair:2   | Reached XP level 13. HP: 122/122 MP: 12/12
 17451 | Lair:2   | Noticed Fannar
 17464 | Lair:2   | Killed Fannar
 18567 | Lair:3   | Found a staircase to the Shoals.
 18611 | Lair:3   | Received a gift from Trog
 18750 | D:7      | Bought the +8 frozen axe "Frostbite" {freezing cloud,
                  | *Noise Fly rC+} for 988 gold pieces
 18750 | D:7      | Found the +8 frozen axe "Frostbite" {freezing cloud, *Noise
                  | Fly rC+}
 19066 | Lair:4   | Reached skill level 19 in Axes
 19469 | Lair:4   | Found a hole to the Spider Nest.
 20472 | Lair:5   | Reached XP level 14. HP: 79/132 MP: 13/13
 21212 | Lair:5   | Reached skill level 20 in Axes
 21559 | Lair:6   | Entered Level 6 of the Lair of Beasts
 21570 | Lair:6   | Found a staircase to the Slime Pits.
 21571 | Lair:6   | Found a viscous altar of Jiyva.
 21589 | Lair:6   | Reached skill level 15 in Armour
 22536 | Lair:6   | Reached skill level 21 in Axes
 23191 | Lair:6   | Noticed Urug
 23198 | Lair:6   | Killed Urug
 23788 | Orc:1    | Entered Level 1 of the Orcish Mines
 23800 | Orc:1    | Reached skill level 15 in Fighting
 23990 | Orc:1    | Reached XP level 15. HP: 141/141 MP: 14/14
 24002 | Orc:1    | Received a gift from Trog
 24772 | Orc:2    | Entered Level 2 of the Orcish Mines
 24925 | Orc:2    | Found Nuris's Assorted Antiques.
 24925 | Orc:2    | Found Meutecs's General Store.
 25172 | Orc:2    | Bought 2 potions of curing for 66 gold pieces
 25172 | Orc:2    | Bought a potion of heal wounds for 55 gold pieces
 25172 | Orc:2    | Bought a potion of attraction for 33 gold pieces
 25172 | Orc:2    | Bought a scroll of identify for 22 gold pieces
 25198 | Orc:2    | Bought a scroll of identify for 52 gold pieces
 25264 | Orc:2    | Found Uteobb's Magic Scroll Shop.
 25264 | Orc:2    | Found Diwkag's General Store.
 25288 | Orc:2    | Reached skill level 22 in Axes
 25289 | Orc:2    | Found a staircase to the Elven Halls.
 25564 | Orc:2    | Bought a potion of invisibility for 144 gold pieces
 25574 | Orc:2    | Bought a scroll of identify for 36 gold pieces
 25574 | Orc:2    | Bought a scroll of magic mapping for 63 gold pieces
 25574 | Orc:2    | Bought a scroll of magic mapping for 63 gold pieces
 25574 | Orc:2    | Bought a scroll of teleportation for 54 gold pieces
 26062 | D:9      | Noticed mojowtm's ghost (journeyman TeMo)
 26145 | D:9      | Killed bronco's ghost
 26145 | D:9      | Killed mojowtm's ghost
 26146 | D:9      | Killed TODO's ghost
 26148 | D:9      | Killed ew1980's ghost
 26151 | D:9      | Killed lotusamurai2's ghost
 26510 | D:13     | Received a gift from Trog
 26951 | D:13     | Found a white marble altar of Elyvilon.
 27425 | D:13     | Found a radiant altar of Vehumet.
 27425 | D:13     | Noticed Nikola
 27432 | D:13     | Killed Nikola
 27515 | D:13     | Reached skill level 5 in Shields
 27516 | D:13     | Reached ****** piety under Trog
 27524 | D:13     | Identified the ring "Goocvu" {rF+ Int-3 SInv Stlth+}
 27526 | D:13     | Identified the amulet of the Garden {RegenMP rPois Regen+
                  | rCorr Int-4}
 27998 | D:14     | Found a gate to the Vaults.
 28012 | D:14     | Reached skill level 23 in Axes
 28223 | D:14     | Reached XP level 16. HP: 109/151 MP: 15/15
 28391 | D:14     | Received a gift from Trog
 29125 | D:15     | Entered Level 15 of the Dungeon
 29192 | D:15     | Found a staircase to the Depths.
 29650 | D:15     | Identified the +8 hand axe "Imp's Funeral" {freeze, rElec
                  | Int+4}
 29894 | D:15     | Found an ancient bone altar of Kikubaaqudgha.
 30459 | Spider:1 | Entered Level 1 of the Spider Nest
 30460 | Spider:1 | Upgraded the game from 0.27-a0-1359-ga2a4dfd6fd to
                  | 0.27-a0-1378-gdefffd1ff6
 30597 | Spider:1 | Noticed Agnes
 30598 | Spider:1 | Identified the +1 hand axe "Binuc" {vorpal, SInv} (Trog
                  | gifted it to you on level 1 of the Spider Nest)
 30598 | Spider:1 | Received a gift from Trog
 30604 | Spider:1 | Killed Agnes
 31258 | Spider:2 | Reached skill level 24 in Axes
 31750 | Spider:2 | Identified the +9 broad axe of Omuxkuec {vorpal, rPois
                  | Will+} (Trog gifted it to you on level 2 of the Spider
                  | Nest)
 31750 | Spider:2 | Received a gift from Trog
 31998 | Spider:2 | You are sucked into a shaft and drop 1 floor!
 32408 | Spider:3 | Noticed Kirke
 32416 | Spider:3 | Reached XP level 17. HP: 162/162 MP: 16/16
 32420 | Spider:3 | Killed Kirke
 32786 | Spider:3 | Reached skill level 5 in Dodging
 33056 | Spider:4 | Entered Level 4 of the Spider Nest
 33060 | Spider:4 | Identified the +8 battleaxe "Bigaywk" {vorpal, rN+++ Int-4
                  | Dex+6} (Trog gifted it to you on level 4 of the Spider
                  | Nest)
 33060 | Spider:4 | Received a gift from Trog
 33082 | Spider:4 | Noticed Mara
 33384 | Spider:4 | Noticed robertstho's illusion
 33403 | Spider:4 | Killed Mara
 33406 | Spider:4 | Reached skill level 25 in Axes
 33408 | Spider:4 | Received a gift from Trog
 34385 | Spider:4 | Got a gossamer rune of Zot
 35028 | Vaults:1 | Entered Level 1 of the Vaults
 35338 | Vaults:1 | Reached XP level 18. HP: 173/174 MP: 17/17
 35839 | Vaults:1 | Received a gift from Trog
 35936 | Vaults:1 | Found Fisked's Distillery.
 35943 | Vaults:1 | Bought a potion of curing for 60 gold pieces
 35943 | Vaults:1 | Bought a potion of curing for 60 gold pieces
 35943 | Vaults:1 | Bought a potion of heal wounds for 100 gold pieces
 35943 | Vaults:1 | Acquired the +0 cloak of the Dungeon {rC++ Will- Dex+5}
 36313 | Vaults:2 | Found a ruined gateway.
 36322 | Desolati | Entered the Desolation of Salt
 36350 | Desolati | Reached skill level 26 in Axes
 36775 | Desolati | Received a gift from Trog
 36984 | Desolati | Identified the amulet of Opnua {RegenMP rN+ rCorr}
 37016 | Desolati | Identified the +0 helmet of Atheism {-Cast Regen+ Dex+3}
 37234 | Desolati | Found the +8 lance "Wyrmbane" {slay drac, rPois rF+ rC+
                  | AC+3}
 37242 | Desolati | Identified the +6 hunting sling of Breach {freeze, Dex+7}
 37247 | Desolati | Found the +3 pair of gauntlets of War {Slay+5}
 37248 | Desolati | Identified the amulet "Fafejaul" {Regen+ Str+4}
 37497 | Desolati | Identified the ring "Seracyus" {rCorr MP+9 Str+5 Int+3}
 37504 | Desolati | Identified the amulet "Uzuvy" {Acrobat Fly Str+4 Slay+3}
 38067 | Vaults:2 | Received a gift from Trog
 38211 | Vaults:2 | Found a gateway to a bazaar.
 38218 | Bazaar   | Entered a bazaar
 38236 | Bazaar   | Found Uschues's Jewellery Boutique.
 38258 | Bazaar   | Found Jootzad's General Store.
 38263 | Bazaar   | Bought a potion of heal wounds for 65 gold pieces
 38279 | Bazaar   | Found Vonuk's Book Boutique.
 38299 | Bazaar   | Found Gieckic's Weapon Shoppe.
 38599 | Vaults:2 | Reached XP level 19. HP: 185/185 MP: 18/18
 39244 | Vaults:3 | Found a staircase to the Crypt.
 39594 | Vaults:3 | Received a gift from Trog
 39994 | Vaults:3 | Reached skill level 27 in Axes
 40277 | Vaults:3 | Found a transporter.
 41478 | Vaults:4 | Found a flickering gateway to a bazaar.
 41484 | Bazaar   | Entered a bazaar
 41484 | Bazaar   | Found Roitood's Antique Weapon Shoppe.
 41484 | Bazaar   | Found Unuz's Assorted Antiques.
 41484 | Bazaar   | Found Siboetec's Distillery.
 41561 | Bazaar   | Found Janumnua's Antique Weapon Emporium.
 41566 | Bazaar   | Bought a scroll of summoning for 171 gold pieces
 41572 | Bazaar   | Bought a potion of heal wounds for 60 gold pieces
 41572 | Bazaar   | Bought a potion of resistance for 120 gold pieces
 41625 | Vaults:4 | Received a gift from Trog
 42354 | Vaults:4 | Reached XP level 20. HP: 142/200 MP: 19/19
 42814 | Vaults:4 | Noticed a dread lich
 42827 | Vaults:4 | Found a transporter.
 42848 | Vaults:4 | Found a transporter.
 42851 | Vaults:4 | Identified the ring "Nuin" {Fly rPois rN+}
 43072 | Vaults:5 | Entered Level 5 of the Vaults
 43697 | Vaults:5 | Received a gift from Trog
 45543 | Vaults:5 | Identified the +0 ring mail of Impermeability {rPois rN+
                  | Slay-5}
 45566 | Vaults:5 | Received a gift from Trog
 45584 | Vaults:5 | Identified the amulet "Otoy" {RegenMP Dex+2}
 46143 | Vaults:5 | Got a silver rune of Zot
 46463 | Vaults:5 | Reached XP level 21. HP: 196/214 MP: 20/20
 46552 | Vaults:5 | Noticed a golden dragon
 46567 | Vaults:5 | Killed a golden dragon
 46613 | Vaults:5 | Noticed a golden dragon
 46618 | Vaults:5 | Killed a golden dragon
 46728 | Vaults:5 | Paralysed by an ogre mage for 3 turns
 46741 | Vaults:5 | HP: 2/215 [phantasmal warrior (11)]
 46744 | Vaults:5 | Slain by a phantasmal warrior

Illustrated notes

Levels and vault maps discovered:
D:1:      nagdon_arrival_zigzag_paths, layout_basic,
          chequers_ecumenical_altar_island, minmay_domino_4
D:2:      minmay_chambers_of_ones, layout_loops_cross,
          chequers_serial_rivers_marsh, fountainhead
D:3:      layout_basic, serial_shops, shop, uniq_jessica
D:4:      layout_basic, temple_green, serial_shops, shop, grunt_ministairs_3,
          minivault_25, chequers_serial_rivers_room_b, uniq_blork_the_orc,
          uniq_robin
D:5:      layout_loops_ring, uniq_crazy_yiuf_cottage
D:6:      layout_cave_pools, uniq_menkaure
D:7:      layout_layer_cave, serial_shops, shop, serial_undead, serial_undead_c,
          serial_undead_d, serial_undead_c, serial_undead_f,
          hangedman_glass_teeth, grunt_ministairs_1, uniq_maggie, uniq_duvessa
D:8:      layout_loops_corners, nicolae_yredelemnul_corpse_copse,
          fungi_pond_lemuel
D:9:      layout_basic, david_orc_2, gammafunk_ghost_cemetery,
          minmay_misc_feat_iff, minmay_lindwurm_lava, uniq_erolcha
D:10:     layout_loops_cross, dpeg_oklobed_lair, special_room
          [special_room_orc], minivault_23, kennysheep_donut, eino_curves_03
D:11:     layout_stronghold, minmay_misc_feat_cross, uniq_maurice
D:12:     layout_small_grid, enter_bailey_4, nicolae_ru_sacrificial_ziggurat,
          uniq_jorgrun, uniq_josephine
D:13:     evilmike_halls_of_destruction, layout_basic, serial_aquarium,
          aquarium_bridge_straight [aquarium_subvault_bridge,
          aquarium_subvault_window, aquarium_subvault_bridge,
          aquarium_subvault_wall], aquarium_bridge_long_separate
          [aquarium_subvault_wall, aquarium_subvault_bridge,
          aquarium_subvault_wall, aquarium_subvault_wall,
          aquarium_subvault_window, aquarium_subvault_bridge],
          aquarium_window_fake, aquarium_window_2, aquarium_view_2f,
          special_room [special_room_bee], elyvilon_altar_5
D:14:     layout_roguey, skrybe_vaults_entry_preservation, special_room
          [special_room_mythical_zoo]
D:15:     grunt_enter_depths_snipers, layout_basic, kiku_gazebo_garden_becter
Lair:1:   layout_chaotic_city, gauntlet_entry_generic, wad_woods_01,
          lemuel_fruit_fields, lemuel_fruit_fields, uniq_erica
Lair:2:   layout_big_grid, wad_woods_river_03, beast_lair_carwin_9, uniq_fannar
Lair:3:   layout_big_grid, minmay_shoals_entry_hut
Lair:4:   layout_small_grid, spider_nest_entry_rubble, serial_bayou_shore_a
Lair:5:   layout_long_grid, fungi_pond_lemuel, kennysheep_basilisk_garden
Lair:6:   guppyfry_lair_end_dragon, layout_misc_corridors,
          hangedman_lair_in_review, slime_altar_1, minivault_24,
          lemuel_fruit_tree, uniq_urug
Spider:1: layout_spider_delve, uniq_agnes
Spider:2: layout_spider_delve, hangedman_spider_tarantella_strand,
          nicolae_spider_cling_halls
Spider:3: layout_spider_delve, uniq_kirke
Spider:4: grunt_spider_rune_circles, uniq_mara
Orc:1:    layout_caves, bh_open_orc_temple
Orc:2:    st_orc_town, layout_diamond_mine, special_room
Vaults:1: nicolae_vaults_mini_display_case, vaults_mumra_hex,
          nicolae_vaults_three_branches, v_alt_pattern_6,
          nicolae_vaults_little_squares_5, v_misc_26,
          hangedman_vaults_stretched_pinwheel, vaults_room_octagon,
          ontoclasm_vaults_fault, vaults_dpeg_cross, vaults_room_fours,
          vaults_room_stairs_pillars, layout_vaults_quadrants, serial_shops,
          nicolae_shop_temple_entry_statues_fountains
Vaults:2: vaults_mumra_chevron_long, v_misc_26, v_rooms_3, grunt_vaults_swirl,
          nicolae_vaults_little_ls, ontoclasm_vaults_decontamination,
          vaults_room_ringed_pool, hangedman_vaults_nodes, v_misc_32,
          vaults_room_boxed, nicolae_vaults_statue_guard, layout_vaults_ring,
          serial_shops, statue_bzr, portal_desolation_entry_garden
Vaults:3: vaults_room_grunt_arrival_checkpoint, emtedronai_trogs_sanctum,
          vaults_room_hallway, blue_anna_dwarven_crypt,
          vaults_dpeg_encased_lava, layout_vaults_chaotic_city, uniq_margery
Vaults:4: v_alt_pattern_2, v_misc_4, gammafunk_the_bubble
          [the_bubble_gammafunk_grid], v_misc_2, v_misc_12, v_alt_pattern_2,
          grunt_vaults_trifunnel, nicolae_vaults_rhombus_6,
          nicolae_vaults_shelves_hall, nicolae_vaults_little_squares_5,
          nicolae_vaults_little_squares_2, vaults_room_large_hall,
          ontoclasm_vaults_twist, layout_vaults_omnibox, serial_shops,
          bzr_entry_safe
Vaults:5: serial_shops

Skill      XL: |  1  2  3  4  5  6  7  8  9 10 11 12 13 14 15 16 17 18 19 20 21 |
---------------+----------------------------------------------------------------+-----
Axes           | 4 5 6 7 9 11 13 14 16 18 19 21 23 24 25 26 27 | 27.0
Fighting       | 4 5 6 7 8 10 11 13 14 15 16 17 18 20 22 24 | 24.7
Armour         | 3 4 5 6 8 9 12 14 16 17 19 20 21 22 23 | 23.0
Dodging        | 3 4 5 |  5.5
Shields        | 1 2 3 4 5 6 7 |  7.5
Evocations     | |  0.2

Action                   |  1- 3 |  4- 6 |  7- 9 | 10-12 | 13-15 | 16-18 | 19-21 || total
-------------------------+-------+-------+-------+-------+-------+-------+-------++-------
Melee: Hand axe          |    93 |   103 |    47 |       |       |       |       ||   243
       Headbutt          |     9 |    18 |    37 |    80 |   108 |   156 |   128 ||   536
       War axe           |       |       |   150 |   110 |       |       |       ||   260
       Broad axe         |       |       |       |   223 |       |       |       ||   223
       Executioner's axe |       |       |       |    62 |   538 |   646 |   457 ||  1703
Invok: Berserk           |     2 |     2 |     4 |     7 |    12 |    10 |     7 ||    44
       Brothers in Arms  |       |       |       |     1 |     3 |     5 |     2 ||    11
       Trog's Hand       |       |       |       |     1 |     3 |     3 |     4 ||    11
Evoke: Wand              |       |       |       |       |       |     5 |       ||     5
       Condenser vane    |       |       |       |       |       |     1 |       ||     1
  Use: Scroll            |       |       |       |    15 |     9 |     7 |     6 ||    37
       Potion            |       |       |       |     3 |       |     9 |     6 ||    18
 Stab: Sleeping          |     1 |       |       |       |       |       |       ||     1
       Invisible         |       |       |       |       |       |     2 |     2 ||     4
Armor: Animal skin       |    11 |    18 |    16 |       |       |       |       ||    45
       Plate armour      |       |       |    57 |   199 |   361 |   573 |   242 ||  1432
       Gold dragon scale |       |       |       |       |       |       |    28 ||    28
Dodge: Dodged            |    73 |    52 |    55 |   144 |   208 |   304 |   167 ||  1003
Block: Other             |       |       |     9 |    88 |   108 |   102 |    87 ||   394
       Reflection        |       |       |       |     4 |     2 |     2 |     7 ||    15

Table legend: (Time is in decaauts)
 A = Elapsed time spent in this place.
 B = Non-inter-level travel time spent in this place.
 C = Inter-level travel time spent in this place.
 D = Time resting spent in this place.
 E = Time spent auto-exploring this place.
 F = Levels seen in this place.
 G = Mean time per level.
                   A        B        C        D        E       F      G
               +--------+--------+--------+--------+--------+-----+--------+
         Total |  46899 |  44583 |   2316 |   5619 |  32953 |  37 | 1267.5 |
       Dungeon |  19797 |  18663 |   1134 |    795 |  15682 |  15 | 1319.8 |
          Lair |   7722 |   7119 |    603 |    426 |   5739 |   6 | 1287.0 |
   Spider Nest |   4299 |   4202 |     97 |   1022 |   2439 |   4 | 1074.8 |
  Orcish Mines |   2274 |   2211 |     63 |    309 |   1610 |   2 | 1137.0 |
        Vaults |  10010 |   9592 |    418 |   2474 |   5866 |   5 | 2002.0 |
        Bazaar |    221 |    221 |      0 |      0 |    197 |   2 |  110.5 |
        Bailey |    328 |    328 |      0 |      0 |    241 |   1 |  328.0 |
    Desolation |   1396 |   1396 |      0 |    438 |    683 |   1 | 1396.0 |
      Gauntlet |    848 |    848 |      0 |    154 |    493 |   1 |  848.0 |
               +--------+--------+--------+--------+--------+-----+--------+

Top non-repeatable levels by time:
Vaults:4: 4099 daAuts
  Lair:6: 2093 daAuts
Vaults:3: 1950 daAuts
     D:9: 1801 daAuts
Spider:3: 1793 daAuts
Vaults:5: 1553 daAuts
     D:4: 1540 daAuts
     D:1: 1537 daAuts
  Lair:5: 1524 daAuts
    D:11: 1516 daAuts
     D:7: 1513 daAuts
    D:13: 1471 daAuts
Desolation: 1396 daAuts
     D:8: 1380 daAuts
     D:5: 1345 daAuts
